MID
CEDAR RAPIDS KERNELS @ CHARLESTON RIVERDOGS
05/02/2048
 
TOP OF THE 1ST
Cedar Rapids Kernels batting - Pitching for Charleston RiverDogs : RHP Willie Perez
Pitching: RHP Willie Perez
Batting: RHB Caleb Bockmann 0-0: Ball
1-0: Ball
2-0: Called Strike
2-1: SINGLE (Groundball, 15S, EV 62.5 MPH) (infield hit)
Batting: RHB David McClellan 0-0: Swinging Strike
0-1: Ball
1-1: Ball
2-1: Ball
3-1: Foul Ball, location: 2F
3-2: Strikes out looking
Batting: LHB Tomas Espino 0-0: Called Strike
Caleb Bockmann steals 2nd base
0-1: Ball
1-1: Foul Ball, location: 2F
1-2: Foul Ball, location: 2F
1-2: Strikes out swinging
Batting: LHB Jon Ventura 0-0: Foul Ball, location: 2F
0-1: Ball
1-1: Ball
2-1: Ball
3-1: Foul Ball, location: 2F
3-2: DOUBLE (Line Drive, 89D, EV 104.4 MPH)
Caleb Bockmann scores
Batting: LHB Brian Wagner 0-0: Swinging Strike
0-1: Called Strike
Jon Ventura steals 3rd base
0-2: Strikes out looking
Top of the 1st over - 1 run, 2 hits, 0 errors, 1 left on base; Cedar Rapids 1 - Charleston 0
BOTTOM OF THE 1ST
Charleston RiverDogs batting - Pitching for Cedar Rapids Kernels : RHP Gary Triska
Pitching: RHP Gary Triska
Batting: LHB Marc Durgin 0-0: Ground out 4-3 (Groundball, 4D, EV 91.9 MPH)
Batting: SHB Corey Penson 0-0: Called Strike
0-1: SINGLE (Groundball, P, EV 78.8 MPH) (infield hit)
Batting: LHB Steve LeGrand 0-0: Ball
1-0: Ball
2-0: Called Strike
2-1: Ball
3-1: Foul Ball, location: 2F
3-2: Base on Balls
Corey Penson to second
Batting: RHB Bill Nguyen-Tan 0-0: Called Strike
0-1: Foul Ball, location: 2F
0-2: Foul Ball, location: 2F
0-2: Ball
1-2: Ball
2-2: Ball
3-2: Base on Balls
Corey Penson to third
Steve LeGrand to second
Batting: RHB Iften Olujimi 0-0: Called Strike
0-1: Foul Ball, location: 2F
0-2: Ball
1-2: Ball
2-2: Foul Ball, location: 2F
2-2: SINGLE (Groundball, 56D, EV 108.8 MPH)
Corey Penson scores
Steve LeGrand to third
Bill Nguyen-Tan to second
Runner from 3rd tries for Home, throw by LF and OUT! 7-2
Bill Nguyen-Tan to third
Iften Olujimi to second
Batting: RHB Mike Zern 0-0: Called Strike
0-1: Foul Ball, location: 2F
0-2: Ball
1-2: Strikes out looking
Bottom of the 1st over - 1 run, 2 hits, 0 errors, 2 left on base; Cedar Rapids 1 - Charleston 1
TOP OF THE 2ND
Cedar Rapids Kernels batting - Pitching for Charleston RiverDogs : RHP Willie Perez
Batting: RHB Alexandre Garcia 0-0: Ball
1-0: Called Strike
1-1: Called Strike
1-2: Foul Ball, location: 2F
1-2: SINGLE (Groundball, 6M, EV 103.8 MPH) (infield hit)
Batting: LHB Marvin Shepherd 0-0: Called Strike
0-1: Called Strike
Alexandre Garcia steals 2nd base
0-2: Ball
1-2: 2-RUN HOME RUN (Flyball, 9D, EV 96.2 MPH), Distance : 389 ft
Batting: RHB Pat Adams 0-0: Swinging Strike
0-1: Foul Ball, location: 2F
0-2: Ground out 5-3 (Groundball, 56S, EV 87.5 MPH)
Batting: RHB Steve Terrell 0-0: Ball
1-0: Called Strike
1-1: Ball
2-1: Fly out, F7 (Flyball, 78S, EV 89.4 MPH)
Batting: RHB Caleb Bockmann 0-0: Called Strike
0-1: Ground out 5-3 (Groundball, 56, EV 105.0 MPH)
Top of the 2nd over - 2 runs, 2 hits, 0 errors, 0 left on base; Cedar Rapids 3 - Charleston 1
BOTTOM OF THE 2ND
Charleston RiverDogs batting - Pitching for Cedar Rapids Kernels : RHP Gary Triska
Batting: RHB Nate Singleton 0-0: Ball
1-0: Ground out 3-1 (Groundball, 34, EV 83.1 MPH)
Batting: RHB Louwe Starmans 0-0: Fly out, F8 (Flyball, 8RM, EV 82.5 MPH)
Batting: RHB Bobby White 0-0: Ground out U3 (Groundball, 3, EV 105.6 MPH)
Bottom of the 2nd over - 0 runs, 0 hits, 0 errors, 0 left on base; Cedar Rapids 3 - Charleston 1
TOP OF THE 3RD
Cedar Rapids Kernels batting - Pitching for Charleston RiverDogs : RHP Willie Perez
Batting: RHB David McClellan 0-0: Foul Ball, location: 2F
0-1: Ball
1-1: Ball
2-1: Foul Ball, location: 2F
2-2: Ball
3-2: Strikes out swinging
Batting: LHB Tomas Espino 0-0: Ball
1-0: Ball
2-0: Foul Ball, location: 2F
2-1: Foul Ball, location: 2F
2-2: Foul Ball, location: 2F
2-2: Ball
3-2: Base on Balls
Batting: LHB Jon Ventura 0-0: Ball
1-0: Ball
2-0: Fly out, F9 (Flyball, 89XD, EV 108.1 MPH)
Batting: LHB Brian Wagner 0-0: Ball
1-0: Fly out, F8 (Flyball, 8LM, EV 88.8 MPH)
Top of the 3rd over - 0 runs, 0 hits, 0 errors, 1 left on base; Cedar Rapids 3 - Charleston 1
BOTTOM OF THE 3RD
Charleston RiverDogs batting - Pitching for Cedar Rapids Kernels : RHP Gary Triska
Batting: LHB Marc Durgin 0-0: Ball
1-0: Foul Ball, location: 2F
1-1: Ball
2-1: Reached on error, E5 (Groundball, 56S, EV 86.9 MPH)
Batting: SHB Corey Penson 0-0: Ball
1-0: Foul Ball, location: 2F
1-1: Ball
2-1: Ball
3-1: Foul Ball, location: 2F
3-2: Foul Ball, location: 2F
3-2: SINGLE (Groundball, 4MD, EV 96.2 MPH)
Marc Durgin to second
Runner from 2nd tries for 3rd, SAFE, throw by CF made to third
Batting: LHB Steve LeGrand 0-0: Swinging Strike
0-1: DOUBLE (Line Drive, 9LS, EV 93.8 MPH)
Marc Durgin scores
Corey Penson to third
Batting: RHB Bill Nguyen-Tan 0-0: Called Strike
0-1: Foul Ball, location: 2F
0-2: Ball
1-2: Ball
Wild Pitch!
Corey Penson scores
Steve LeGrand to third
2-2: Foul Ball, location: 2F
2-2: Foul Ball, location: 2F
2-2: DOUBLE (Line Drive, 3D, EV 100.0 MPH)
Steve LeGrand scores
Batting: RHB Iften Olujimi 0-0: Foul Ball, location: 2F
0-1: Ball
1-1: Ball
2-1: Foul Ball, location: 2F
2-2: Strikes out swinging
Batting: RHB Mike Zern 0-0: Ground out 5-3 (Groundball, 56, EV 90.6 MPH)
Batting: RHB Nate Singleton 0-0: Called Strike
0-1: Ball
1-1: Foul Ball, location: 2F
1-2: Strikes out swinging
Bottom of the 3rd over - 3 runs, 3 hits, 1 error, 1 left on base; Cedar Rapids 3 - Charleston 4
TOP OF THE 4TH
Cedar Rapids Kernels batting - Pitching for Charleston RiverDogs : RHP Willie Perez
Batting: RHB Alexandre Garcia 0-0: Ball
1-0: Ground out 4-3 (Groundball, 4, EV 82.5 MPH)
Batting: LHB Marvin Shepherd 0-0: Ground out 5-3 (Groundball, 56, EV 80.0 MPH)
Batting: RHB Pat Adams 0-0: Ground out U3 (Groundball, 34, EV 104.4 MPH)
Top of the 4th over - 0 runs, 0 hits, 0 errors, 0 left on base; Cedar Rapids 3 - Charleston 4
BOTTOM OF THE 4TH
Charleston RiverDogs batting - Pitching for Cedar Rapids Kernels : RHP Gary Triska
Batting: RHB Louwe Starmans 0-0: Ball
1-0: Swinging Strike
1-1: Foul Ball, location: 2F
1-2: Foul Ball, location: 2F
1-2: Strikes out looking
Batting: RHB Bobby White 0-0: Ball
1-0: Called Strike
1-1: Foul Ball, location: 2F
1-2: Ball
2-2: Ground out 6-3 (Groundball, 6M, EV 90.0 MPH)
Batting: LHB Marc Durgin 0-0: Fly out, F8 (Flyball, 78D, EV 92.5 MPH)
Bottom of the 4th over - 0 runs, 0 hits, 0 errors, 0 left on base; Cedar Rapids 3 - Charleston 4
TOP OF THE 5TH
Cedar Rapids Kernels batting - Pitching for Charleston RiverDogs : RHP Willie Perez
Batting: RHB Steve Terrell 0-0: Ball
1-0: Ball
2-0: Ball
3-0: Base on Balls
Batting: RHB Caleb Bockmann 0-0: Ball
1-0: Ball
2-0: Ball
3-0: Base on Balls
Steve Terrell to second
Batting: RHB David McClellan 0-0: Ball
1-0: Ball
2-0: Grounds into double play, 6-4-3 (Groundball, 6, EV 101.9 MPH)
Steve Terrell to third
Batting: LHB Tomas Espino 0-0: DOUBLE (Line Drive, 8LXD, EV 100.6 MPH)
Steve Terrell scores
Batting: LHB Jon Ventura 0-0: Called Strike
0-1: Ball
1-1: Ball
2-1: Ball
3-1: Foul Ball, location: 2F
3-2: Base on Balls
Batting: LHB Brian Wagner 0-0: Ball
1-0: Swinging Strike
1-1: Called Strike
1-2: Ball
2-2: Ball
Wild Pitch!
Tomas Espino to third
Jon Ventura to second
3-2: TRIPLE (Flyball, 78XD, EV 106.2 MPH)
Tomas Espino scores
Jon Ventura scores
Pitching: RHP Austin Trzcinski
Batting: RHB Alexandre Garcia 0-0: Ball
1-0: Ball
2-0: Ball
3-0: Base on Balls
Batting: LHB Marvin Shepherd 0-0: Called Strike
0-1: Ball
1-1: Swinging Strike
1-2: Foul Ball, location: 2F
1-2: Strikes out swinging
Top of the 5th over - 3 runs, 2 hits, 0 errors, 2 left on base; Cedar Rapids 6 - Charleston 4
BOTTOM OF THE 5TH
Charleston RiverDogs batting - Pitching for Cedar Rapids Kernels : RHP Gary Triska
Batting: SHB Corey Penson 0-0: Called Strike
0-1: Called Strike
0-2: Ball
1-2: Strikes out swinging
Batting: LHB Steve LeGrand 0-0: Ball
1-0: Ground out 6-3 (Groundball, 6, EV 108.1 MPH)
Batting: RHB Bill Nguyen-Tan 0-0: Called Strike
0-1: Ball
1-1: Hit by Pitch
Batting: RHB Iften Olujimi 0-0: Ball
1-0: Foul Ball, location: 2F
1-1: Called Strike
1-2: Strikes out looking
Bottom of the 5th over - 0 runs, 0 hits, 0 errors, 1 left on base; Cedar Rapids 6 - Charleston 4
TOP OF THE 6TH
Cedar Rapids Kernels batting - Pitching for Charleston RiverDogs : RHP Austin Trzcinski
Batting: RHB Pat Adams 0-0: Ball
1-0: Swinging Strike
1-1: Ball
2-1: Ball
3-1: Foul Ball, location: 2F
3-2: Foul Ball, location: 2F
3-2: Ground out 5-3 (Groundball, 56, EV 86.9 MPH)
Batting: RHB Steve Terrell 0-0: Called Strike
0-1: Called Strike
0-2: Strikes out swinging
Batting: RHB Caleb Bockmann 0-0: Ball
1-0: Ball
2-0: Called Strike
2-1: Swinging Strike
2-2: Foul Ball, location: 2F
2-2: Foul Ball, location: 2F
2-2: Strikes out swinging
Top of the 6th over - 0 runs, 0 hits, 0 errors, 0 left on base; Cedar Rapids 6 - Charleston 4
BOTTOM OF THE 6TH
Charleston RiverDogs batting - Pitching for Cedar Rapids Kernels : RHP Gary Triska
Pitching: RHP Andrew Rich
Batting: RHB Mike Zern 0-0: Called Strike
0-1: Ball
1-1: Called Strike
1-2: Ball
2-2: Ground out 5-3 (Groundball, 56S, EV 82.5 MPH)
Pinch Hitting: LHB Jeremiah Walker 0-0: Ball
1-0: Ball
2-0: Called Strike
2-1: Called Strike
2-2: Strikes out swinging
Pinch Hitting: LHB Dale Anderson 0-0: Ball
1-0: Ball
2-0: Called Strike
2-1: Fly out, F8 (Flyball, 89M, EV 83.1 MPH)
Bottom of the 6th over - 0 runs, 0 hits, 0 errors, 0 left on base; Cedar Rapids 6 - Charleston 4
TOP OF THE 7TH
Cedar Rapids Kernels batting - Pitching for Charleston RiverDogs : RHP Austin Trzcinski
Pitching: LHP Alex Pulido
Now at 3B: Lorenzo Vasquez
Now at SS: Jonathan Iniguez
Batting: RHB David McClellan 0-0: Foul Ball, location: 2F
0-1: Ball
1-1: Swinging Strike
1-2: Ball
2-2: Foul Ball, location: 2F
2-2: Foul Ball, location: 2F
2-2: Ground out 4-3 (Groundball, 4M, EV 88.8 MPH)
Batting: LHB Tomas Espino 0-0: Called Strike
0-1: Ball
1-1: Hit by Pitch
Batting: LHB Jon Ventura 0-0: Called Strike
0-1: Ground out 6-3 (Groundball, P, EV 87.5 MPH)
Tomas Espino to second
Batting: LHB Brian Wagner 0-0: Ball
1-0: Called Strike
1-1: Ball
2-1: SINGLE (Line Drive, 9S, EV 112.5 MPH)
Tomas Espino to third
Batting: RHB Alexandre Garcia 0-0: Called Strike
0-1: Ball
1-1: Called Strike
1-2: Ball
2-2: Foul Ball, location: 2F
2-2: Foul Ball, location: 2F
2-2: SINGLE (Line Drive, 89M, EV 105.0 MPH)
Tomas Espino scores
Brian Wagner to second
Batting: LHB Marvin Shepherd 0-0: Foul Ball, location: 2F
0-1: Foul Ball, location: 2F
0-2: Strikes out swinging
Top of the 7th over - 1 run, 2 hits, 0 errors, 2 left on base; Cedar Rapids 7 - Charleston 4
BOTTOM OF THE 7TH
Charleston RiverDogs batting - Pitching for Cedar Rapids Kernels : RHP Andrew Rich
Batting: RHB Bobby White 0-0: Ball
1-0: Called Strike
1-1: Ball
2-1: Foul Ball, location: 2F
2-2: Strikes out swinging
Batting: LHB Marc Durgin 0-0: Ball
1-0: Ball
2-0: Fly out, F8 (Flyball, 8LS, EV 91.2 MPH)
Batting: SHB Corey Penson 0-0: Called Strike
0-1: Ground out 6-3 (Groundball, 6, EV 105.6 MPH)
Bottom of the 7th over - 0 runs, 0 hits, 0 errors, 0 left on base; Cedar Rapids 7 - Charleston 4
TOP OF THE 8TH
Cedar Rapids Kernels batting - Pitching for Charleston RiverDogs : LHP Alex Pulido
Batting: RHB Pat Adams 0-0: Ball
1-0: Swinging Strike
1-1: Called Strike
1-2: DOUBLE (Flyball, 8RD, EV 100.6 MPH)
Batting: RHB Steve Terrell 0-0: Ball
1-0: Ball
2-0: Bunted foul
2-1: Bunted foul
2-2: DOUBLE (Line Drive, 89D, EV 106.9 MPH)
Pat Adams scores
Batting: RHB Caleb Bockmann 0-0: Called Strike
0-1: Fly out, F8 (Flyball, 8RS, EV 84.4 MPH)
Pitching: RHP Greg Ritchie
Batting: RHB David McClellan 0-0: Called Strike
0-1: Swinging Strike
0-2: Foul Ball, location: 2F
0-2: Ball
1-2: Foul Ball, location: 2F
1-2: Ball
2-2: Ball
3-2: Strikes out swinging
Batting: LHB Tomas Espino 0-0: Ball
1-0: Swinging Strike
1-1: Ball
2-1: Foul Ball, location: 2F
2-2: Ball
3-2: SINGLE (Groundball, 34D, EV 103.1 MPH) (infield hit)
Steve Terrell to third
Batting: LHB Jon Ventura 0-0: Called Strike
0-1: Foul Ball, location: 2F
0-2: DOUBLE (Line Drive, 78D, EV 100.6 MPH)
Steve Terrell scores
Tomas Espino to third
Runner from 3rd tries for Home, SAFE, no throw by CF
Batting: LHB Brian Wagner 0-0: Ball
1-0: Foul Ball, location: 2F
1-1: Called Strike
1-2: Foul Ball, location: 2F
1-2: Ball
2-2: Ball
3-2: Foul Ball, location: 2F
3-2: Base on Balls
Batting: RHB Alexandre Garcia 0-0: Called Strike
0-1: TRIPLE (Line Drive, 7D, EV 111.9 MPH)
Jon Ventura scores
Brian Wagner scores
Pitching: RHP Mike Pickens
Pinch Hitting: LHB Yasutoshi Hayashi 0-0: Ball
1-0: Ball
2-0: Ball
3-0: Base on Balls
Batting: RHB Pat Adams 0-0: Swinging Strike
0-1: Ball
1-1: Swinging Strike
1-2: Ball
2-2: Ball
3-2: Foul Ball, location: 2F
3-2: Base on Balls
Yasutoshi Hayashi to second
Batting: RHB Steve Terrell 0-0: Ball
1-0: Called Strike
1-1: Foul Ball, location: 2F
1-2: Strikes out swinging
Top of the 8th over - 5 runs, 5 hits, 0 errors, 3 left on base; Cedar Rapids 12 - Charleston 4
BOTTOM OF THE 8TH
Charleston RiverDogs batting - Pitching for Cedar Rapids Kernels : RHP Andrew Rich
Now in RF: Yasutoshi Hayashi
Batting: LHB Steve LeGrand 0-0: Ball
1-0: Ball
2-0: Foul Ball, location: 2F
2-1: Called Strike
2-2: Foul Ball, location: 2F
2-2: Foul Ball, location: 2F
2-2: Foul Ball, location: 2F
2-2: Fly out, F8 (Flyball, 8LD, EV 97.5 MPH)
Batting: RHB Bill Nguyen-Tan 0-0: Ground out 4-3 (Groundball, 4M, EV 102.5 MPH)
Batting: RHB Iften Olujimi 0-0: Called Strike
0-1: Ball
1-1: Foul Ball, location: 2F
1-2: Ball
2-2: Ball
3-2: Strikes out swinging
Bottom of the 8th over - 0 runs, 0 hits, 0 errors, 0 left on base; Cedar Rapids 12 - Charleston 4
TOP OF THE 9TH
Cedar Rapids Kernels batting - Pitching for Charleston RiverDogs : RHP Mike Pickens
Batting: RHB Caleb Bockmann 0-0: Called Strike
0-1: Swinging Strike
0-2: Foul Ball, location: 2F
0-2: Strikes out swinging
Batting: RHB David McClellan 0-0: Ball
1-0: Foul Ball, location: 2F
1-1: Swinging Strike
1-2: Foul Ball, location: 2F
1-2: SINGLE (Groundball, 56D, EV 104.4 MPH)
Batting: LHB Tomas Espino 0-0: Called Strike
0-1: Ball
1-1: Ball
2-1: 2-RUN HOME RUN (Flyball, 89XD, EV 114.4 MPH), Distance : 431 ft
Batting: LHB Jon Ventura 0-0: Called Strike
0-1: Ball
1-1: Ball
2-1: Ground out 5-3 (Groundball, 56S, EV 90.6 MPH)
Batting: LHB Brian Wagner 0-0: Called Strike
0-1: Ball
1-1: Foul Ball, location: 2F
1-2: Ball
2-2: Strikes out looking
Top of the 9th over - 2 runs, 2 hits, 0 errors, 0 left on base; Cedar Rapids 14 - Charleston 4
BOTTOM OF THE 9TH
Charleston RiverDogs batting - Pitching for Cedar Rapids Kernels : RHP Andrew Rich
Batting: RHB Mike Zern 0-0: Called Strike
0-1: Swinging Strike
0-2: Ball
1-2: Ball
2-2: Foul Ball, location: 2F
2-2: Ball
3-2: Reached on error, E3 (Groundball, 34S, EV 93.1 MPH)
Batting: RHB Jonathan Iniguez 0-0: Called Strike
0-1: Grounds out, U3 (Groundball, 3L, EV 88.8 MPH)
Pinch Hitting: LHB Justin O'Neal 0-0: Foul Ball, location: 2F
0-1: Reached on error, E3 (Groundball, 34S, EV 73.8 MPH)
Mike Zern to third
Pinch Hitting: LHB Ernesto Abreu 0-0: Called Strike
0-1: Ball
1-1: Foul Ball, location: 2F
1-2: Grounds into double play, 3-6-3 (Groundball, 3, EV 108.1 MPH)
Bottom of the 9th over - 0 runs, 0 hits, 2 errors, 1 left on base; Cedar Rapids 14 - Charleston 4
Tuesday, March 28th , 2023 - OOTP Baseball 23.10 Build 110